 Dungeon Crawl Stone Soup version 0.29.1-2-gbd0b4ee654 (webtiles) character file.

Game seed: 15691264469952027292

835 safid the Skirmisher (level 7, -1/73 HPs)
             Began as a Minotaur Hunter on Nov 30, 2022.
             Slain by an orc wizard
             ... wielding a +0 dagger of venom
              (2 damage)
             ... on level 5 of the Dungeon.
             The game lasted 00:06:03 (4263 turns).

safid the Skirmisher (Minotaur Hunter)              Turns: 4263, Time: 00:06:04

Health: -1/73      AC:  8    Str: 15    XL:     7   Next: 66%
Magic:  6/6        EV: 10    Int:  6    God:
Gold:   216        SH:  0    Dex: 16    Spells: 6/6 levels left

rFire   . . .      SeeInvis .   m - +2 sling (freeze)
rCold   . . .      Faith    .   (no shield)
rNeg    . . .      Spirit   .   i - +0 scale mail
rPois   .          Reflect  .   (helmet restricted)
rElec   .          Harm     .   o - +0 cloak
rCorr   .          Rampage  .   f - +0 pair of gloves
Will    .....                   (no boots)
Stlth   ..........              (no amulet)
HPRegen 0.22/turn               (no ring)
MPRegen 0.10/turn               (no ring)

@: mighty, brilliant, lethally poisoned (-1 -> -12), on berserk cooldown, flying
(expiring), slowed, very slow
A: horns 2, retaliatory headbutt
a: no special abilities


You were on level 5 of the Dungeon.
You visited 1 branch of the dungeon, and saw 5 of its levels.

You collected 216 gold pieces.

Inventory:

Hand Weapons
 a - a +0 shortbow
 m - a +2 sling of freezing (weapon)
Missiles
 p - a throwing net
Armour
 f - a +0 pair of gloves (worn)
 i - a +0 scale mail (worn)
 o - a +0 cloak (worn)
Jewellery
 C - a ring of protection from cold
Scrolls
 b - 3 scrolls of enchant armour {unknown}
 e - 2 scrolls of poison {unknown}
 h - 5 scrolls of identify {unknown}
 j - a scroll of vulnerability {unknown}
 k - a scroll of amnesia {unknown}
 l - 4 scrolls of fog {unknown}
 n - 2 scrolls of brand weapon {unknown}
 s - a scroll of enchant weapon {unknown}
 x - a scroll of summoning {unknown}
 y - a scroll of teleportation {unknown}
 B - a scroll of noise {unknown}
Potions
 c - a potion of berserk rage
 d - a potion of degeneration {unknown}
 r - a potion of attraction {unknown}
 u - 2 potions of ambrosia
 w - a potion of experience
 z - a potion of magic {unknown}
 A - a potion of heal wounds {unknown}
 D - a potion of cancellation {unknown}


   Skills:
 - Level 10.6 Fighting
 + Level 12.9 Ranged Weapons
 - Level 2.1 Dodging
 - Level 0.7 Stealth


You had 6 spell levels left.
You didn't know any spells.
Your spell library contained the following spells:

 Spells                   Type           Power      Damage    Failure   Level
 Beastly Appendage        Tmut           0%         N/A       91%         1
 Summon Small Mammal      Summ           0%         N/A       91%         1
 Wereblood                Tmut           0%         N/A       97%         2
 Call Canine Familiar     Summ           0%         N/A       99%         3
 Gell's Gravitas          Tloc           0%         N/A       99%         3
 Lesser Beckoning         Tloc           0%         N/A       99%         3
 Spider Form              Tmut/Pois      0%         N/A       99%         3
 Summon Guardian Golem    Hex/Summ       0%         N/A       99%         3
 Teleport Other           Tloc           0%         N/A       99%         3
 Summon Forest            Summ/Tloc      0%         N/A       100%        5
 Summon Mana Viper        Hex/Summ       0%         N/A       100%        5
 Summon Cactus Giant      Summ           0%         N/A       100%        6


Dungeon Overview and Level Annotations

Branches:
Dungeon (5/15)
 Temple: D:4-7

Altars:
Uskayaw


Innate Abilities, Weirdness & Mutations

You have a pair of horns on your head.
You reflexively headbutt those who attack you in melee.


Message History

The magic dart hits you.
* * * LOW HITPOINT WARNING * * *
You feel very sick.
You feel very sick.
The orc wizard attacks as you move away!
The orc wizard closely misses you.
You feel sick. The orc wizard barely misses you.
You feel better. The orc wizard closely misses you. You furiously retaliate!
You headbutt the orc wizard.
Fire: m) +2 sling (freeze)
Press: ? - help, Q - select action, (/) - cycle Shift-Dir - straight line, f - orc wizard
Aim: an orc wizard, wielding a +0 dagger of venom and wearing a +0 robe (heavily wounded, 65% to hit)
You shoot a sling bullet.
The sling bullet barely misses the orc wizard.
The orc wizard barely misses you.
The orc wizard mumbles some strange words.
The orc wizard flickers and vanishes!
Unknown command.
Something hits you.
* * * LOW HITPOINT WARNING * * *
You are poisoned.
You feel sick.
There is a stone staircase leading up here.
Unknown command.
You feel sick. Something hits you but does no damage.
You are lethally poisoned!
Unknown command.
It was a potion of might.
You feel very mighty all of a sudden.
You are starting to lose your buoyancy.
* * * LOW HITPOINT WARNING * * *
You feel very sick. Something hits you.
* * * LOW HITPOINT WARNING * * *
You are more poisoned.
It was a potion of brilliance.
You feel clever all of a sudden.
* * * LOW HITPOINT WARNING * * *
You feel very sick. Something hits you.
You die...

#.# #.#
#.########
########.........
.....>...########
#######.#.##
##.###.## ##{##
##.# #@##
##))...!? ##.#
####... #.# #.#
#.. ..# ##


There were no monsters in sight!

Vanquished Creatures
  2 phantoms
  A scorpion (D:4)
  An iguana (D:4)
  An orc wizard (D:5)
  2 gnolls
  6 adders
  A worm (D:2)
  3 dart slugs
  8 orcs
  9 ball pythons
  7 endoplasms
  2 giant cockroaches (D:3)
  11 hobgoblins
  5 jackals
  4 kobolds
  5 quokkas
  3 bats
  4 frilled lizards
  9 goblins
  3 rats
87 creatures vanquished.

Notes
Turn   | Place    | Note
-------+----------+-------------------------------------------
     0 | D:1      | safid the Minotaur Hunter began the quest for the Orb.
     0 | D:1      | Reached XP level 1. HP: 18/18 MP: 0/0
   275 | D:1      | Reached XP level 2. HP: 26/26 MP: 1/1
  1231 | D:2      | Reached skill level 5 in Ranged Weapons
  1231 | D:2      | Reached XP level 3. HP: 31/31 MP: 2/2
  1248 | D:2      | Found a faded altar of an unknown god.
  1693 | D:2      | Reached XP level 4. HP: 35/40 MP: 3/3
  2601 | D:3      | Noticed a phantom
  2611 | D:3      | Killed a phantom
  2612 | D:3      | Reached XP level 5. HP: 38/47 MP: 4/4
  2766 | D:3      | Reached skill level 6 in Ranged Weapons
  2772 | D:3      | Reached skill level 5 in Fighting
  3601 | D:4      | Reached XP level 6. HP: 53/57 MP: 5/5
  3957 | D:4      | Found a hide-covered altar of Uskayaw.
  4218 | D:5      | Entered Level 5 of the Dungeon
  4234 | D:5      | Reached skill level 7 in Ranged Weapons
  4253 | D:5      | Reached skill level 10 in Fighting
  4253 | D:5      | Reached skill level 12 in Ranged Weapons
  4253 | D:5      | Reached XP level 7. HP: 23/73 MP: 6/6
  4263 | D:5      | HP: 1/73 [poisoned by an orc wizard]
  4263 | D:5      | Slain by an orc wizard

Illustrated notes

Levels and vault maps discovered:
D:1:      ncdulo_lavacross, layout_basic, due_unseen_surprise
D:2:      layout_basic, ebering_ecumenical_altar_rust, minmay_joined_circles
D:3:      layout_loops_corners
D:4:      layout_loops_ring, mainiacjoe_overflow_catwalk, minmay_quadrilaterals
D:5:      layout_loops_ring, nicolae_ashenzari_panopticon

Skill      XL: |  1  2  3  4  5  6 |
---------------+-------------------+-----
Fighting       | 3 4 5 10 | 10.6
Ranged Weapons | 5 6 12 | 12.9
Dodging        | |  2.1
Stealth        | |  0.7

Action                   |  1- 3 |  4- 6 |  7- 9 || total
-------------------------+-------+-------+-------++-------
 Fire: Shortbow          |    80 |       |       ||    80
       Sling             |     3 |   143 |     1 ||   147
  Use: Potion            |       |     5 |     3 ||     8
Armor: Scale mail        |    48 |    37 |     3 ||    88
Dodge: Dodged            |    37 |    25 |     5 ||    67
